Map: Nightshade LE

Players

AGOElazer (Elazer)

  • Race: Zerg Zerg
  • League: Grandmaster
  • Spawn Location: 5:00

LiquidMaNa (MaNa) - Winner!

  • Race: Protoss Protoss
  • League: Grandmaster
  • Spawn Location: 11:00

VOD

Have the link to the VOD?

Description

Time

  • Played on: April 27, 2020, 12:19 p.m.
  • Length: 6:09
Show
View Real Time Build Order
Export as new Build Order

AGOElazer Zerg 

Build Orders: Hatch First 

Get SALT Encoding   

  12  0:00  Drone  
  13  0:12  Overlord  
  13  0:16  Drone  
  14  0:30  Drone x2  
  16  0:41  Drone  
  17  0:51  Hatchery  
  17  0:54  Drone  
  17  0:58  Drone  
  18  1:08  Extractor  
  17  1:12  Spawning Pool  
  17  1:15  Drone  
  17  1:18  Drone  
  18  1:28  Drone  
  19  1:38  Drone  
  20  1:50  Overlord  
  20  1:59  Queen  
  22  2:03  Queen  
  22  2:04  Zergling x4  
  26  2:11  Metabolic Boost  
  26  2:12  Drone  
  27  2:16  Drone  
  27  2:21  Drone  
  29  2:25  Drone  
  30  2:32  Zergling x2  
  30  2:36  Drone  
  32  2:43  Hatchery  
  31  2:46  Queen  
  33  2:52  Overlord  
  33  2:54  Drone  
  33  2:56  Drone  
  35  2:59  Drone  
  36  3:12  Drone  
  37  3:13  Drone x4  
  41  3:22  Zergling x2  
  41  3:24  Queen  
  44  3:33  Overlord  
  44  3:42  Lair  
  44  3:48  Drone  
  44  3:53  Drone x7  
  44  3:55  Drone x2  
  53  3:58  Queen  
  53  3:59  Overlord  
  55  4:05  Baneling Nest  
  55  4:06  Zergling x4  
  56  4:10  Zergling x4  
  58  4:17  Spine Crawler  
  58  4:18  Zergling x8  
  61  4:27  Zergling x4  
  63  4:36  Queen  
  65  4:39  Zergling x2  
  65  4:41  Overseer  
  65  4:42  Overlord  
  66  4:47  Zergling x2  
  66  4:49  Zergling x4  
  66  4:52  Zergling x10  
  66  4:57  Zergling x4  
  63  5:02  Overlord  
  63  5:04  Zergling x8  
  67  5:10  Baneling x3  
  67  5:11  Zergling x8  
  71  5:15  Zergling x2  
  71  5:19  Evolution Chamber  
  71  5:22  Extractor  
  71  5:24  Zergling x4  
  72  5:35  Zergling x8  
  70  5:49  Extractor, Zergling x18  
Show
View Real Time Build Order
Export as new Build Order

LiquidMaNa Protoss - Winner!

Build Orders: 1 Gate Expand, Mass Adepts 

Get SALT Encoding   

  12  0:00  Probe  
  13  0:15  Pylon  
  13  0:17  Probe (Chrono Boost)  
  14  0:26  Probe (Chrono Boost)  
  15  0:31  Probe (Chrono Boost)  
  16  0:39  Gateway  
  16  0:43  Probe  
  17  0:50  Assimilator  
  17  0:55  Probe (Chrono Boost)  
  18  1:07  Probe (Chrono Boost)  
  19  1:14  Probe (Chrono Boost)  
  20  1:22  Probe  
  21  1:30  Cybernetics Core  
  21  1:37  Nexus  
  21  1:46  Pylon, Probe  
  22  1:51  Assimilator  
  22  1:59  Probe  
  23  2:03  Adept (Chrono Boost)  
  23  2:06  Warp Gate  
  25  2:11  Probe  
  26  2:23  Probe  
  26  2:26  Adept (Chrono Boost)  
  29  2:32  Twilight Council  
  30  2:46  Pylon  
  30  2:53  Adept (Chrono Boost), Gateway  
  30  2:56  Robotics Facility  
  31  2:59  Probe  
  31  3:00  Probe  
  33  3:08  Resonating Glaives (Chrono Boost)  
  33  3:11  Probe  
  34  3:13  Probe  
  35  3:24  Gateway  
  35  3:29  Gateway  
  35  3:31  Probe x2  
  37  3:41  Warp Prism (Chrono Boost)  
  37  3:48  Pylon  
  39  3:50  Probe  
  41  3:57  Adept x2  
  41  4:01  Pylon  
  44  4:07  Pylon  
  44  4:14  Observer (Chrono Boost)  
  45  4:23  Adept x4  
  53  4:24  Probe x2  
  55  4:33  Immortal  
  59  4:50  Adept x3  
  61  4:53  Adept  
  63  5:11  Pylon  
  63  5:14  Adept x3  
  69  5:36  Adept  
  69  5:37  Adept x3  
  71  6:01  Adept x3  
  67  6:06  Adept  
Tags
 
Add a new tag
Caveats
  • Supply blocks, unpowered buildings, or Contaminate may cause inaccurate times.
  • Supply counts are checked every 10 seconds.